 Dungeon Crawl Stone Soup version 0.26-a0-84-g8c18429211 (webtiles) character file.

Game seed: 13060812209277438745

366706 Argons the Brawler (level 21, -3/218 HPs)
             Began as a Troll Transmuter on June 19, 2020.
             Was the Champion of Wu Jian.
             Slain by a death scarab (14 damage)
             ... on level 4 of the Spider Nest on June 20, 2020.
             The game lasted 04:57:02 (49825 turns).

Argons the Brawler (Troll Transmuter)              Turns: 49825, Time: 04:57:03

Health: -3/218     AC: 31    Str: 31    XL:     21   Next: 91%
Magic:  21/21      EV: 12    Int: 11    God:    Wu Jian [******]
Gold:   3275       SH:  0    Dex:  7    Spells: 15/22 levels left

rFire    . . .     SeeInvis +     - Unarmed
rCold    + + .     Gourm    +   (no shield)
rNeg     . . .     Faith    .   J - +9 ice dragon scales
rPois    .         Spirit   .   q - +0 mask of the Dragon {MR+ Slay+3 SInv}
rElec    +         Reflect  .   k - +0 cloak "Sidwaul" {rElec}
rCorr    .         Harm     .   (gloves unavailable)
MR       +++..                  (boots unavailable)
Stlth    ..........             t - amulet of the acrobat
HPRegen  0.86/turn              l - ring of Absolutism {rF+ Int+2 SInv}
MPRegen  0.17/turn              a - ring of the Harvest {rElec MR+ Dex-3 Slay+4}

@: exhausted, heavenly storm, very slightly contaminated, slowed, glowing,
studying Dodging, lightly drained, very slow
A: large, unfitting armour, claws 3, fast metabolism 3, gourmand, regeneration
1, shaggy fur 1, tough skin 3
}: 1/15 runes: decaying
a: Wall Jump, Serpent's Lash, Heavenly Storm, Renounce Religion


You were on level 4 of the Spider Nest.
You worshipped Wu Jian.
Wu Jian was exalted by your worship.
You were completely stuffed.

You visited 9 branches of the dungeon, and saw 41 of its levels.
You also visited: Ice Cave.

You collected 7801 gold pieces.
You spent 4526 gold pieces at shops.

Inventory:

Missiles
 j - 17 curare-tipped darts
 E - 17 atropa-tipped darts
 L - 52 large rocks (quivered)
Armour
 k - the +0 cloak "Sidwaul" (worn) {rElec}
   (You found it on level 1 of the Spider Nest)

   It insulates you from electricity.
 q - the +0 mask of the Dragon (worn) {MR+ Slay+3 SInv}
   (You bought it in a shop on level 13 of the Dungeon)

   It affects your accuracy and damage with ranged weapons and melee attacks
   (+3).
   It affects your resistance to hostile enchantments.
   It lets you see invisible.
 J - +9 ice dragon scales (worn)
 R - the +3 crown of Dyrovepreva {rElec Int+2 SInv}
   (You bought it in a shop on level 1 of the Vaults)

   It affects your intelligence (+2).
   It insulates you from electricity.
   It lets you see invisible.
Jewellery
 a - the ring of the Harvest (right claw) {rElec MR+ Dex-3 Slay+4}
   (You found it on level 3 of the Elven Halls)

   [ring of protection from magic]

   It affects your dexterity (-3).
   It affects your accuracy and damage with ranged weapons and melee attacks
   (+4).
   It insulates you from electricity.
   It affects your resistance to hostile enchantments.
 h - an uncursed ring of protection from cold
 l - the ring of Absolutism (left claw) {rF+ Int+2 SInv}
   (You acquired it on level 11 of the Dungeon)

   [ring of protection from fire]

   It affects your intelligence (+2).
   It protects you from fire.
   It lets you see invisible.
 m - a +4 ring of protection
 t - an amulet of the acrobat (around neck)
 x - an uncursed ring of flight
 y - an uncursed ring of poison resistance
 M - a cursed ring of resist corrosion
 O - an uncursed ring of wizardry
 P - an uncursed ring of protection from fire
 Q - an uncursed ring of protection from magic
 X - an uncursed ring of wizardry
Wands
 r - a wand of paralysis (17)
 s - a wand of flame (35)
 B - a wand of polymorph (35)
 G - a wand of enslavement (15)
 K - a wand of iceblast (25)
 S - a wand of acid (48)
 U - a wand of disintegration (57)
 V - a wand of clouds (13)
Scrolls
 b - 2 scrolls of identify
 g - 5 scrolls of fear
 i - 17 scrolls of teleportation
 u - 13 scrolls of fog
 v - 19 scrolls of remove curse
 H - 3 scrolls of magic mapping
 W - 2 scrolls of silence
 Y - 2 scrolls of acquirement
 Z - 5 scrolls of blinking
Potions
 e - 8 potions of heal wounds
 f - 7 potions of might
 n - 23 potions of curing
 p - 4 potions of resistance
 w - 6 potions of invisibility
 z - 3 potions of lignification
 A - 3 potions of cancellation
 C - 6 potions of flight
 D - 3 potions of berserk rage
 I - 7 potions of haste
 T - 3 potions of mutation
Books
 o - a manual of Dodging
Comestibles
 d - 88 rations


   Skills:
 - Level 15.0(14.5) Fighting
 - Level 10.0(9.6) Throwing
 - Level 20.0(19.5) Armour
 + Level 10.8(10.5) Dodging
 + Level 20.3(19.8) Unarmed Combat
 - Level 1.2(0.9) Spellcasting
 - Level 7.0(6.6) Transmutations


You had 15 spell levels left.
You knew the following spells:

 Your Spells              Type           Power        Failure   Level  Hunger
a - Dragon Form           Tmut           ###.......   100%        7    #######

Your spell library contained the following spells:

 Spells                   Type           Power        Failure   Level  Hunger
 Beastly Appendage        Tmut           ###...       3%          1    ##.....
 Sticks to Snakes         Tmut           ###.....     5%          2    ###....
 Sting                    Tmut/Pois      #...         14%         1    ##.....
 Passwall                 Tmut/Erth      #.......     22%         2    ###....
 Spider Form              Tmut/Pois      #.........   38%         3    ####...
 Apportation              Tloc           #.....       50%         1    ##.....
 Foxfire                  Conj/Fire      #...         50%         1    ##.....
 Sandblast                Erth           #.....       50%         1    ##.....
 Shock                    Conj/Air       #...         50%         1    ##.....
 Summon Butterflies       Summ           #.......     50%         1    ##.....
 Summon Small Mammal      Summ           #...         50%         1    ##.....
 Call Imp                 Summ           #.......     63%         2    ###....
 Corpse Rot               Necr/Air       N/A          63%         2    ###....
 Poisonous Vapours        Pois/Air       #.....       63%         2    ###....
 Sublimation of Blood     Necr           #.........   63%         2    ###....
 Swiftness                Chrm/Air       #.......     63%         2    ###....
 Blade Hands              Tmut           ###.......   69%         5    ######.
 Ice Form                 Ice/Tmut       #.......     80%         4    #####..
 Petrify                  Tmut/Erth      #.......     80%         4    #####..
 Call Canine Familiar     Summ           #.......     86%         3    ####...
 Conjure Flame            Conj/Fire      #.......     86%         3    ####...
 Inner Flame              Hex/Fire       #.......     86%         3    ####...
 Lesser Beckoning         Tloc           #.........   86%         3    ####...
 Mephitic Cloud           Conj/Pois/Air  #.......     86%         3    ####...
 Static Discharge         Conj/Air       #.......     86%         3    ####...
 Stone Arrow              Conj/Erth      #.....       86%         3    ####...
 Summon Guardian Golem    Hex/Summ       #.......     86%         3    ####...
 Tukima's Dance           Hex            #.......     86%         3    ####...
 Alistair's Intoxication  Tmut/Pois      #.......     98%         5    ######.
 Airstrike                Air            #.........   99%         4    #####..
 Cause Fear               Hex            #.........   99%         4    #####..
 Dispel Undead            Necr           #.......     99%         4    #####..
 Olgreb's Toxic Radiance  Pois           #.......     99%         4    #####..
 Passage of Golubria      Tloc           N/A          99%         4    #####..
 Sticky Flame             Conj/Fire      #.......     99%         4    #####..
 Summon Ice Beast         Ice/Summ       #.......     99%         4    #####..
 Summon Lightning Spire   Summ/Air       #.......     99%         4    #####..
 Hydra Form               Tmut           ###.......   99%         6    #######
 Agony                    Necr           #.......     100%        5    ######.
 Excruciating Wounds      Chrm/Necr      #.........   100%        5    ######.
 Fireball                 Conj/Fire      #.........   100%        5    ######.
 Lee's Rapid Deconstruct  Erth           #.........   100%        5    ######.
 Lightning Bolt           Conj/Air       #.........   100%        5    ######.
 Summon Forest            Summ/Tloc      #.........   100%        5    ######.
 Darkness                 Hex            #.........   100%        6    #######
 Eringya's Noxious Bog    Tmut/Pois      #.........   100%        6    #######
 Invisibility             Hex            #.......     100%        6    #######
 Summon Hydra             Summ           #.........   100%        7    #######
 Dragon's Call            Summ           #.........   100%        9    #######


Dungeon Overview and Level Annotations

Branches:
Dungeon (15/15)            Temple (1/1) D:4            Lair (6/6) D:10
  Swamp (4/4) Lair:4       Spider (4/4) Lair:2        Slime (0/5) Lair:6
    Orc (2/2) D:9             Elf (3/3) Orc:2        Vaults (5/5) D:14
  Crypt (0/3) Vaults:2     Depths (1/5) D:15          IceCv (visited)

Altars:
Ashenzari
Cheibriados
Dithmenos
Elyvilon
Fedhas
Gozag
Hepliaklqana
Kikubaaqudgha
Makhleb
Nemelex Xobeh
Okawaru
Qazlal
Ru
Sif Muna
Trog
Uskayaw
Vehumet
Wu Jian
Xom
Yredelemnul
Zin
The Shining One
Beogh
Jiyva

Shops:
D:13 [[:   Orc:2 ([?   Vaults:1 *   Vaults:2 (   Vaults:4 (


Innate Abilities, Weirdness & Mutations

You are too large for most types of armour.
You have claws for hands.
Your metabolism is lightning-fast.
You like to eat raw meat.
Your natural rate of healing is unusually fast.
You are covered in fur. (AC +1)
You have extremely tough skin. (AC +3)


Message History

The death scarab drains your vigour!
You feel as though you will be slow longer.
The death scarab draws strength from your injuries!
The spectral redback closely misses you.
The spectral redback bites you!
* * * LOW HITPOINT WARNING * * *
The spectral wolf spider hits you!
* * * LOW HITPOINT WARNING * * *
You feel drained.
The spectral wolf spider bites you but does no damage.
The spectral redback bites you but does no damage.
The spectral redback bites you.
* * * LOW HITPOINT WARNING * * *
Okay, then.
Blink to where?
Press: ? - help, Dir - move target cursor You are very lightly contaminated with residual magic.
As you read the scroll of blinking, it crumbles to dust.
The death scarab bites you!
You die...

########≈≈≈≈#######.≈#≈≈#
#...≈≈≈#≈†≈#≈≈≈..^#.≈≈≈.#
#.#..≈≈†≈≈≈#≈≈....#≈≈≈≈.#
#.....≈≈≈.≈#≈^^.#.#≈≈≈.##
#.....≈≈..≈##.....#≈≈..^#
#...###########...##≈..^#
##^(# #☼☼§#≈≈...# #...#
#s§§#≈....# #...#.......
#☼@§#≈.#..# #...#.....^.
##§§#^....# #^.##....^..
#§§§#.....# #†††#.......
#ZZZ#....≈# #...#......Z
#Zs§#..#.≈# #..^#...^.Zs
#○☼##...≈≈#
#...###'''''###○○§#..≈≈≈#
#.^....^..s☼☼§ZZZ○#..≈#≈#
#.#..^.....Z☼s§○☼§#^†≈≈≈#


You could see a death scarab.

Vanquished Creatures
  Saint Roka (Elf:3)
  Arachne (Spider:2)
  Asterion (Spider:3)
  A titan (Vaults:4)
  6 deep elf blademasters
  3 sphinxes
  4 deep elf master archers (Elf:3)
  A thorn hunter (Swamp:4)
  A tengu reaver (Vaults:4)
  Roxanne (Swamp:1)
  A frost giant (Vaults:4)
  2 fire giants (Vaults:4)
  2 ghost moths
  6 deep elf sorcerers
  5 emperor scorpions
  10 vault wardens
  Louise (Swamp:1)
  Aizul (Spider:2)
  4 deep elf elementalists (Elf:3)
  4 very ugly things
  15 ironheart preservers
  6 entropy weavers
  4 stone giants
  A spark wasp (Spider:4)
  6 deep elf annihilators
  2 deep elf demonologists (Elf:3)
  Azrael (Elf:1)
  Snorg (Lair:4)
  A crystal guardian (Vaults:4)
  4 ettins
  3 deep elf death magi
  A fire dragon (Vaults:3)
  2 deep elf high priests (Elf:3)
  9 yaktaur captains
  Erolcha (Orc:1)
  2 great orbs of eyes
  Josephine (Swamp:1)
  Harold (D:7)
  28 vault guards
  8 ice dragons
  10 hydras
  9 centaur warriors
  A shambling mangrove (Swamp:2)
  36 two-headed ogres
  9 alligators
  An alligator (shapeshifter) (Vaults:4)
  3 death knights
  Erica (D:9)
  20 dancing weapons
  13 ogre magi
  7 death scarabs (Spider:4)
  A shock serpent (shapeshifter) (Vaults:4)
  A deep troll shaman (Vaults:2)
  A tengu warrior (D:13)
  2 orc high priests
  25 deep elf knights
  6 skeletal warriors
  7 deep trolls
  A death drake (shapeshifter) (Vaults:2)
  A storm dragon skeleton (Vaults:2)
  5 unseen horrors
  5 flayed ghosts
  An orange crystal statue (D:9)
  2 spectral wolf spiders (Spider:4)
  2 spriggan druids (Swamp:3)
  6 orc knights
  23 deep elf archers
  14 ironbrand convokers
  4 swamp dragons
  2 phantasmal warriors
  13 harpies
  2 wizards (D:15)
  A wolf spider zombie (Spider:4)
  11 orb spiders
  4 necromancers
  3 orc sorcerers
  33 wolf spiders
  A tengu skeleton (Vaults:1)
  4 oklob plants (Lair:2)
  A manticore (D:12)
  21 ugly things
  11 cyclopes
  66 deep elf magi
  3 moths of wrath
  2 human skeletons (Vaults:2)
  4 elephants
  8 vault sentinels
  3 ice statues (IceCv)
  A torpor snail (Spider:2)
  Joseph (D:7)
  A black mamba (Lair:5)
  18 spiny frogs
  Psyche (D:11)
  A gargoyle (D:13)
  A yaktaur zombie (Vaults:2)
  2 kobold demonologists (D:11)
  An efreet (D:14)
  2 spectral redbacks (Spider:4)
  Maggie (D:6)
  4 rime drakes
  10 freezing wraiths
  5 komodo dragons
  4 human zombies (Vaults:2)
  33 yaktaurs
  2 yaktaur skeletons
  10 demonic crawlers
  A redback zombie (Spider:4)
  2 tengu conjurers
  A meliai (shapeshifter) (D:15)
  17 trolls
  20 blink frogs
  6 polar bears
  A polar bear (shapeshifter) (Vaults:1)
  36 jumping spiders
  12 tyrant leeches
  4 spectral tarantellas (Spider:4)
  10 bog bodies
  3 tarantella zombies (Spider:4)
  19 hornets
  33 slime creatures
  A jumping spider zombie (Spider:4)
  4 dream sheep (Lair:6)
  A dream sheep (shapeshifter) (D:15)
  A fire giant simulacrum (Vaults:3)
  16 hippogriffs
  3 meliai zombies
  99 redbacks
  A vampire (D:14)
  An ettin skeleton (Vaults:2)
  2 air elementals (Elf:3)
  36 tarantellas
  4 water elementals
  21 spriggans
  Eustachio (D:6)
  3 wyverns
  A yak (shapeshifter) (Vaults:3)
  50 yaks
  9 wraiths
  8 basilisks
  5 fire elementals
  A basilisk (shapeshifter) (Vaults:2)
  2 hungry ghosts
  A steam dragon (Lair:3)
  14 vampire mosquitoes
  14 swamp worms
  4 insubstantial wisps (Swamp:3)
  Menkaure (D:6)
  7 swamp worm simulacra (Swamp:4)
  9 wargs
  A soldier ant (D:14)
  A soldier ant (shapeshifter) (Lair:6)
  9 water moccasins
  4 acid dragons
  5 hell hounds (Elf:1)
  16 hydra simulacra (Swamp:4)
  16 porcupines
  10 swamp drakes
  3 sky beasts
  29 orc warriors
  An eye of draining (shapeshifter) (D:14)
  9 ice beasts
  4 eyes of draining
  3 necrophages
  55 ogres
  2 black bears
  4 boggarts (Lair:6)
  25 wolves
  6 crocodiles
  An elf skeleton (Vaults:1)
  24 centaurs
  4 big kobolds
  Blork the orc (D:6)
  19 bullfrogs
  2 earth elementals
  A glowing shapeshifter simulacrum (Vaults:2)
  4 scorpions
  9 killer bees
  3 wights (D:11)
  8 electric eels
  5 howler monkeys
  5 crimson imps
  5 centaur zombies
  A quasit (D:9)
  9 jellies
  7 hounds
  6 centaur skeletons
  12 orc priests
  Crazy Yiuf (D:7)
  3 gnoll shamans (D:10)
  2 human simulacra (Vaults:2)
  Natasha (thrice) (D:3)
  2 iguanas
  25 orc wizards
  11 worker ants
  A killer bee zombie (D:9)
  2 hound zombies
  A hound skeleton (D:6)
  A worker ant zombie (D:11)
  6 gnolls (D:10)
  9 adders
  2 shadow imps
  3 oozes
  A swamp drake simulacrum (Swamp:4)
  2 adder skeletons (D:6)
  An adder zombie (D:6)
  A worm (D:2)
  3 dart slugs (D:2)
  6 leopard geckos
  67 orcs
  5 giant cockroaches
  13 goblins
  6 hobgoblins
  4 jackals (D:1)
  3 quokkas
  14 bats
  5 frilled lizards
  A jackal skeleton (D:6)
  15 kobolds
  A quokka skeleton (D:5)
  7 rats
  A bush (Lair:2)
  4 fungi
  6 plants
1713 creatures vanquished.

Vanquished Creatures (others)
  An orc (D:11)
  16 fungi
  8 plants
25 creatures vanquished.

Grand Total: 1738 creatures vanquished

Notes
Turn   | Place    | Note
-------+----------+-------------------------------------------
     0 | D:1      | Argons the Troll Transmuter began the quest for the Orb.
     0 | D:1      | Reached XP level 1. HP: 18/18 MP: 1/1
   114 | D:1      | Reached XP level 2. HP: 26/26 MP: 2/2
   575 | D:1      | Reached XP level 3. HP: 32/32 MP: 3/3
  1023 | D:2      | Reached skill level 5 in Unarmed Combat
  1023 | D:2      | Reached XP level 4. HP: 35/40 MP: 4/4
  1532 | D:3      | Found a sacrificial altar of Ru.
  1644 | D:3      | Noticed Natasha
  1656 | D:3      | Killed Natasha
  1705 | D:3      | Noticed Natasha
  1712 | D:3      | Killed Natasha
  1712 | D:3      | Reached skill level 1 in Throwing
  1712 | D:3      | Reached XP level 5. HP: 36/46 MP: 5/5
  2266 | D:3      | Noticed Natasha
  2270 | D:3      | Killed Natasha
  2270 | D:3      | Reached XP level 6. HP: 54/54 MP: 6/6
  3038 | D:4      | Found a hide-covered altar of Uskayaw.
  3039 | D:4      | Found a burning altar of Makhleb.
  3039 | D:4      | Found a shimmering altar of Xom.
  3040 | D:4      | Found a shimmering blue altar of Sif Muna.
  3085 | D:4      | Found a staircase to the Ecumenical Temple.
  3089 | D:4      | Reached XP level 7. HP: 61/61 MP: 7/7
  3107 | Temple   | Entered the Ecumenical Temple
  3310 | Temple   | Became a worshipper of the Wu Jian Council
  3412 | D:4      | Found a white marble altar of Elyvilon.
  3581 | D:5      | Entered Level 5 of the Dungeon
  4151 | D:6      | Noticed Menkaure
  4151 | D:6      | Noticed Eustachio
  4195 | D:6      | Killed Menkaure
  4226 | D:6      | Killed Eustachio
  4226 | D:6      | Reached skill level 5 in Throwing
  4226 | D:6      | Reached XP level 8. HP: 42/68 MP: 8/8
  4457 | D:6      | Noticed Blork the orc
  4457 | D:6      | Noticed Maggie
  4536 | D:6      | Killed Blork the orc
  4780 | D:6      | Found a shattered altar of Ashenzari.
  4914 | D:6      | Killed an unseen horror
  5188 | D:7      | Noticed Harold
  5307 | D:7      | Reached XP level 9. HP: 74/75 MP: 9/9
  5370 | D:7      | Noticed Joseph
  5429 | D:7      | Reached skill level 1 in Fighting
  5431 | D:7      | Reached * piety under Wu Jian
  5593 | D:7      | Found a runed translucent door.
  5594 | D:7      | Noticed Crazy Yiuf
  5605 | D:7      | Killed Crazy Yiuf
  5815 | D:7      | Killed Harold
  5815 | D:7      | Reached skill level 10 in Unarmed Combat
  6259 | D:7      | Killed Joseph
  6401 | D:8      | Reached XP level 10. HP: 66/94 MP: 10/10
  6436 | D:8      | Reached skill level 5 in Fighting
  7103 | D:8      | Reached ** piety under Wu Jian
  7236 | D:9      | Found a staircase to the Orcish Mines.
  7362 | D:9      | Noticed Erica
  7389 | D:9      | Killed Erica
  7583 | D:9      | Noticed an orange crystal statue
  7584 | D:9      | Noticed a two-headed ogre
  8041 | D:9      | Found an opulent altar of Gozag.
  8200 | D:6      | Found an ancient bone altar of Kikubaaqudgha.
  8297 | D:6      | Killed Maggie
  8297 | D:6      | Reached skill level 1 in Armour
  8397 | D:10     | Entered Level 10 of the Dungeon
  8773 | D:10     | Killed an unseen horror
  8773 | D:10     | Reached XP level 11. HP: 100/108 MP: 11/11
  9138 | D:10     | Killed an unseen horror
  9373 | D:10     | Found a staircase to the Lair.
  9407 | D:10     | Reached *** piety under Wu Jian
  9854 | D:10     | Reached skill level 5 in Armour
 10616 | D:11     | Noticed a two-headed ogre
 10646 | D:11     | Killed a two-headed ogre
 10783 | D:11     | Noticed a five-headed hydra
 10794 | D:11     | Killed a five-headed hydra
 11041 | D:11     | Reached **** piety under Wu Jian
 11050 | D:11     | Noticed a green ugly thing
 11064 | D:11     | Killed a green ugly thing
 11150 | D:11     | Reached XP level 12. HP: 113/118 MP: 12/12
 11159 | D:11     | Noticed a two-headed ogre
 11171 | D:11     | Killed a two-headed ogre
 11278 | D:11     | Noticed Psyche
 11285 | D:11     | Killed Psyche
 11660 | D:11     | Identified a scroll of acquirement
 11661 | D:11     | Got the ring of Absolutism {rF+ Int+2 SInv}
 11780 | D:12     | Noticed a two-headed ogre
 11986 | D:12     | Reached ***** piety under Wu Jian
 12106 | D:12     | Killed a two-headed ogre
 12205 | D:12     | Found a frozen archway.
 12219 | IceCv    | Entered an ice cave
 12474 | IceCv    | Found the +6 shillelagh "Devastator" {shatter}
 12492 | IceCv    | Identified the Guide on Venom
 12660 | D:12     | Noticed a centaur warrior
 12671 | D:12     | Killed a centaur warrior
 12896 | D:12     | Found a blossoming altar of Fedhas.
 13126 | Lair:1   | Entered Level 1 of the Lair of Beasts
 13184 | Lair:1   | Reached XP level 13. HP: 123/126 MP: 13/13
 13533 | Lair:1   | Reached skill level 10 in Armour
 14727 | Lair:2   | Found a hole to the Spider Nest.
 15794 | Lair:2   | Reached skill level 10 in Throwing
 15978 | Lair:3   | You fall into a shaft and drop 3 floors!
 15978 | Lair:6   | Entered Level 6 of the Lair of Beasts
 15998 | Lair:6   | Found a staircase to the Slime Pits.
 15999 | Lair:6   | Found a viscous altar of Jiyva.
 16779 | Lair:4   | Noticed Snorg
 16793 | Lair:4   | Killed Snorg
 17723 | Lair:6   | Reached ****** piety under Wu Jian
 17951 | Lair:6   | Noticed Sonja
 17952 | Lair:6   | Noticed Sonja
 17952 | Lair:6   | Sonja changed into Sonja the shapeshifter
 17953 | Lair:6   | Noticed Sonja
 17953 | Lair:6   | Sonja the shapeshifter changed into Sonja the soldier ant
 17961 | Lair:6   | Killed Sonja the soldier ant
 18238 | Lair:6   | Reached XP level 14. HP: 86/139 MP: 14/14
 18918 | Lair:6   | Reached skill level 15 in Unarmed Combat
 19088 | Lair:6   | Reached skill level 10 in Fighting
 20041 | Lair:4   | Found a staircase to the Swamp.
 21417 | D:13     | Found Mesew's Armour Shop.
 21431 | D:13     | Found Xetoum's Antique Armour Shop.
 21444 | D:13     | Bought the +0 mask of the Dragon {MR+ Slay+3 SInv} for 1169
                  | gold pieces
 21444 | D:13     | Found the +0 mask of the Dragon {MR+ Slay+3 SInv}
 22128 | D:13     | Found Xaogarphe's Book Boutique.
 23021 | D:14     | Found a gate to the Vaults.
 23031 | D:14     | Reached XP level 15. HP: 103/148 MP: 15/15
 23575 | D:15     | Entered Level 15 of the Dungeon
 23708 | D:15     | Found a staircase to the Depths.
 24368 | Orc:1    | Entered Level 1 of the Orcish Mines
 24380 | Orc:1    | Noticed Erolcha
 24384 | Orc:1    | Killed Erolcha
 24722 | Orc:1    | Found Ubbokyef's Distillery.
 24746 | Orc:1    | Bought a potion of curing for 39 gold pieces
 24746 | Orc:1    | Bought a potion of lignification for 39 gold pieces
 24746 | Orc:1    | Bought 2 potions of heal wounds for 130 gold pieces
 24746 | Orc:1    | Bought a potion of might for 52 gold pieces
 24746 | Orc:1    | Bought a potion of lignification for 39 gold pieces
 24746 | Orc:1    | Bought a potion of curing for 39 gold pieces
 24746 | Orc:1    | Bought a potion of curing for 39 gold pieces
 24746 | Orc:1    | Bought 2 potions of curing for 78 gold pieces
 24746 | Orc:1    | Bought a potion of curing for 39 gold pieces
 24959 | Orc:1    | Found a roughly hewn altar of Beogh.
 25060 | Orc:2    | Entered Level 2 of the Orcish Mines
 25278 | Orc:2    | Found Melo's Antique Armour Shop.
 25533 | Orc:2    | Found Eluddifacw's Food Boutique.
 25539 | Orc:2    | Found Niajea's Magic Scroll Emporium.
 25542 | Orc:2    | Bought a ration for 70 gold pieces
 25542 | Orc:2    | Bought a ration for 70 gold pieces
 25542 | Orc:2    | Bought a ration for 70 gold pieces
 25542 | Orc:2    | Bought a ration for 70 gold pieces
 25542 | Orc:2    | Bought a ration for 70 gold pieces
 25542 | Orc:2    | Bought a ration for 70 gold pieces
 25542 | Orc:2    | Bought a ration for 70 gold pieces
 25542 | Orc:2    | Bought a ration for 70 gold pieces
 25542 | Orc:2    | Bought a ration for 70 gold pieces
 25542 | Orc:2    | Bought a ration for 70 gold pieces
 25550 | Orc:2    | Found Sank's Weapon Shop.
 25553 | Orc:2    | Bought a scroll of blinking for 90 gold pieces
 25687 | Orc:2    | Found a staircase to the Elven Halls.
 26380 | Elf:1    | Entered Level 1 of the Elven Halls
 26487 | Elf:1    | Noticed a deep elf sorcerer
 26496 | Elf:1    | Reached XP level 16. HP: 151/157 MP: 16/16
 27082 | Elf:1    | Noticed Azrael
 27100 | Elf:1    | Killed Azrael
 28051 | Elf:2    | Identified the cursed +0 leather armour "Qorel" {rF- rC+++
                  | rN+++ Str-3}
 28680 | Elf:2    | Found a huge runed translucent gate.
 28680 | Elf:2    | Found a huge runed translucent gate.
 28680 | Elf:2    | Found a huge runed translucent gate.
 28686 | Elf:2    | Found a huge runed translucent gate.
 28686 | Elf:2    | Found a huge runed translucent gate.
 29013 | Depths:1 | Entered Level 1 of the Depths
 29018 | Depths:1 | Noticed a tengu reaver
 29222 | Swamp:1  | Entered Level 1 of the Swamp
 29509 | Swamp:1  | Noticed Josephine
 29526 | Swamp:1  | Killed Josephine
 29644 | Swamp:1  | Noticed Roxanne
 30190 | Swamp:1  | Noticed Louise
 30197 | Swamp:1  | Killed Louise
 30945 | Swamp:2  | Reached XP level 17. HP: 110/165 MP: 17/17
 31350 | Swamp:1  | Killed Roxanne
 31975 | Swamp:3  | Reached skill level 15 in Armour
 32633 | Swamp:4  | Entered Level 4 of the Swamp
 33597 | Swamp:4  | Got a decaying rune of Zot
 34177 | Vaults:1 | Entered Level 1 of the Vaults
 34736 | Vaults:1 | Found an ancient bone altar of Kikubaaqudgha.
 34927 | Vaults:1 | Found Sibrivui's Assorted Antiques.
 35264 | Vaults:1 | Reached XP level 18. HP: 145/182 MP: 18/18
 36292 | Vaults:2 | Found Darr's Antique Weapon Emporium.
 37419 | Vaults:2 | Found a staircase to the Crypt.
 37419 | Vaults:2 | Found a basalt altar of Yredelemnul.
 37420 | Vaults:2 | Found an ancient bone altar of Kikubaaqudgha.
 38286 | Vaults:3 | Reached XP level 19. HP: 107/195 MP: 19/19
 38575 | Vaults:3 | Learned a level 7 spell: Dragon Form
 38647 | Vaults:3 | Found a basalt altar of Yredelemnul.
 40197 | Vaults:4 | HP: 8/297 [fire giant/+0 great sword of flaming (12)]
 40197 | Vaults:4 | HP: 2/297 [fire giant/+0 great sword of flaming (6)]
 40203 | Vaults:4 | HP: 2/198 [poisoned by a wolf spider]
 40214 | Vaults:4 | HP: 7/198 [burnt (7)]
 40635 | Vaults:4 | Found Sifiecwo's Weapon Shop.
 40917 | Vaults:4 | Reached skill level 15 in Fighting
 41148 | Vaults:4 | Reached XP level 20. HP: 124/210 MP: 20/20
 41856 | Vaults:5 | Entered Level 5 of the Vaults
 42046 | Vaults:1 | Bought the +3 crown of Dyrovepreva {rElec Int+2 SInv} for
                  | 1449 gold pieces
 42046 | Vaults:1 | Found the +3 crown of Dyrovepreva {rElec Int+2 SInv}
 42262 | Orc:2    | Bought a scroll of acquirement for 624 gold pieces
 42747 | Elf:2    | HP: 6/210 [deep elf knight/stone arrow (26)]
 43078 | Elf:3    | Entered Level 3 of the Elven Halls
 43810 | Elf:3    | Reached skill level 5 in Transmutations
 45098 | Elf:3    | Noticed Saint Roka
 45159 | Elf:3    | Killed Saint Roka
 45246 | Elf:3    | Got a smoking platinum ring
 45247 | Elf:3    | Identified the ring of the Harvest {rElec MR+ Dex-3 Slay+4}
                  | (You found it on level 3 of the Elven Halls)
 45301 | Elf:3    | Found the +10 morningstar "Eos" {elec, Halo rElec}
 45808 | Vaults:4 | Reached XP level 21. HP: 194/218 MP: 21/21
 46067 | Spider:1 | Entered Level 1 of the Spider Nest
 46223 | Spider:1 | Got an ancient cloak
 46234 | Spider:1 | Identified the +0 cloak "Sidwaul" {rElec} (You found it on
                  | level 1 of the Spider Nest)
 46418 | Spider:1 | Reached skill level 5 in Dodging
 47249 | Spider:2 | Noticed Arachne
 47260 | Spider:2 | Killed Arachne
 47462 | Spider:2 | Noticed Aizul
 47483 | Spider:2 | Killed Aizul
 48200 | Spider:3 | Noticed Asterion
 48212 | Spider:3 | Killed Asterion
 48761 | Spider:4 | Entered Level 4 of the Spider Nest
 49451 | Spider:4 | Reached skill level 10 in Dodging
 49824 | Spider:4 | HP: 9/218 [spectral redback (6)]
 49825 | Spider:4 | Slain by a death scarab

Illustrated notes

Levels and vault maps discovered:
D:1:      lemuel_arrival_broad_hall, layout_basic, minmay_pentomino_r4
D:2:      layout_loops_corners, hangedman_abyss_or_decor_lesser_grid
D:3:      layout_basic, overflow_temple_1_default, uniq_natasha
D:4:      layout_cave_pods, lemuel_round_altar,
          chequers_temple_overflow_statue_of_worship, minmay_temple_entry_waves,
          item_on_display_a
D:5:      layout_cave_pools, first_ration
D:6:      layout_basic, lemuel_doored_altar, ashenzari_conservatory_becter,
          minmay_manual_mess, uniq_menkaure, uniq_eustachio, uniq_maggie,
          uniq_blork_the_orc
D:7:      layout_loops_ring, uniq_crazy_yiuf_cottage, uniq_joseph, uniq_harold
D:8:      layout_loops_ring
D:9:      layout_irregular_city, nicolae_gozag_seed_capital, orc_0_dummy,
          blue_anna_alchemist [blue_anna_fruit_fields, blue_anna_fruit_fields],
          minivault_16, nrook_loot_triangle, roderic_batcave, uniq_erica
D:10:     kennysheep_seaside_town, layout_loops_cross, dpeg_oklobed_lair,
          kennysheep_nondescript
D:11:     layout_basic, uniq_psyche
D:12:     minmay_blocky_corners, layout_basic, portal_ice_cave_rime,
          fedhas_altar_fruit_tree
D:13:     layout_loops_ring, serial_shops, nicolae_shop_waterfront,
          kennysheep_mini_moat, shop
D:14:     layout_cave_pods, erik_vaults_2, chequers_serial_rivers_small_b
D:15:     grunt_enter_depths_magical_seal, layout_rooms,
          hangedman_decor_peaks_small
Temple:   nicolae_temple_figure_eight
Lair:1:   layout_long_grid, st_stairs_5, serial_bayou_shore_a,
          grunt_megastairs_2, infiniplex_staircase_pool
Lair:2:   layout_roguey, spider_nest_entry_funnel_web,
          minmay_lair_oklob_chamber, infiniplex_staircase_pool_2
Lair:3:   layout_long_grid
Lair:4:   layout_regular_city, swamp_mist, beast_lair_carwin_9, uniq_snorg
Lair:5:   layout_layer_cave
Lair:6:   minmay_lair_end_enchanted_forest, layout_layer_cave, slime_altar_1,
          uniq_sonja
Swamp:1:  layout_basic_swamp, evilmike_swamp_ruin_house_1, uniq_roxanne,
          uniq_louise, uniq_josephine
Swamp:2:  layout_basic_swamp, evilmike_swamp_ruin_rubble_1, swamp_pool4
Swamp:3:  layout_basic_swamp, serial_swamp_ruin, evilmike_swamp_ruin_house_3,
          evilmike_swamp_ruin_rubble_2, hangedman_swamp_ruin_wall,
          hangedman_swamp_muck
Swamp:4:  swamp_icy, layout_basic_swamp, hangedman_swamp_pad
Spider:1: layout_spider_delve
Spider:2: layout_spider_delve, hangedman_spider_tarantella_strand, uniq_arachne,
          uniq_aizul
Spider:3: layout_spider_delve, uniq_asterion
Spider:4: floodkiller_spider_rune_tomb
Orc:1:    layout_caves, serial_shops, shop, kennysheep_orc_chapel, uniq_erolcha
Orc:2:    st_orc_open, layout_caves, nooodl_orcs_dogs
Elf:1:    eino_elf_arrival_customs, layout_geoelf_diagonals, minivault_28,
          uniq_azrael
Elf:2:    layout_geoelf_octagon, minmay_strange_pillars
Elf:3:    minmay_elf_hall, layout_gridlike, uniq_saint_roka
Vaults:1: v_misc_22, grunt_vaults_hallway_long, ontoclasm_vaults_ring_square,
          nicolae_vaults_angled_halls, nicolae_vaults_little_squares_4,
          st_hourglassy, nicolae_vaults_diagonal_hallway_7, vaults_room_hallway,
          layout_vaults_big_room, serial_shops, shop, basic_altar
Vaults:2: v_misc_4, dpeg_vaults_monster_row, minmay_crypt_entry_necro_gods,
          v_misc_13, hangedman_vaults_stitches,
          nicolae_vaults_twisting_passages, nicolae_vaults_specimen_jars,
          vaults_room_glass_cross, v_pattern_1, vaults_dpeg_ring,
          vaults_room_stairs_pillars, vaults_dpeg_encased_lava,
          layout_vaults_ring, serial_shops, nicolae_shop_overgrown_old_shop
Vaults:3: v_pattern_3, v_misc_30, nicolae_vaults_network_star,
          vaults_mumra_hexcomb, ontoclasm_vaults_chip, hangedman_vaults_locks,
          ontoclasm_vaults_ligature, vaults_room_guarded_vault,
          nicolae_vaults_little_squares_2, v_misc_23, nicolae_vaults_theta,
          ontoclasm_vaults_gateway, layout_vaults_omnicross, basic_altar
Vaults:4: v_pattern_5, st_eye, v_misc_10, grunt_vaults_bifocal,
          hangedman_vaults_slice, v_misc_8, vaults_room_stairs_pillars,
          vaults_room_grunt_arrival_checkpoint, hangedman_vaults_slice,
          nicolae_vaults_little_squares_4, vaults_dpeg_cross,
          hangedman_vaults_maws, layout_vaults_maze_snakey, serial_shops,
          nicolae_shop_competitors_out_of_business
Vaults:5
Depths:1: minmay_the_grid_octo_tiled_squarecenter_mashed
          [minmay_the_grid_octo_thin_diamonds, minmay_the_grid_octo_pinwheel,
          minmay_the_grid_octo_77, minmay_the_grid_octo_teeth,
          minmay_the_grid_square_5x5_megaprize_hollow,
          minmay_the_grid_square_5x5_tri_point, minmay_the_grid_square_5x5_two,
          minmay_the_grid_square_5x5_z, minmay_the_grid_square_5x5_fat_x],
          layout_cave_shapes, minmay_room_of_horrors, pf_hell_entry_tar_spiral,
          eino_small_chamber_without_monster, kennysheep_generic_room_15,
          minmay_shop_grove, serial_bayou_shore_b

Skill      XL: |  1  2  3  4  5  6  7  8  9 10 11 12 13 14 15 16 17 18 19 20 21 |
---------------+----------------------------------------------------------------+-----
Unarmed Combat | 4 5 6 8 9 11 12 13 14 16 17 19 20 | 20.3
Throwing       | 1 2 3 5 6 7 9 10 | 10.0
Fighting       | 4 7 8 9 10 11 13 15 | 15.0
Armour         | 2 8 9 10 11 13 14 15 16 18 19 20 | 20.0
Transmutations | 7 |  7.0
Dodging        | 2 10 | 10.8
Spellcasting   | |  1.2

Action                   |  1- 3 |  4- 6 |  7- 9 | 10-12 | 13-15 | 16-18 | 19-21 || total
-------------------------+-------+-------+-------+-------+-------+-------+-------++-------
Melee: Unarmed           |   112 |   154 |   190 |   821 |  1377 |  1599 |  1671 ||  5924
       Punch             |     2 |     4 |     7 |    56 |   100 |   154 |   165 ||   488
Throw: Dart              |       |       |     6 |     8 |       |       |       ||    14
       Large rock        |       |       |       |       |    24 |    32 |     5 ||    61
Invok: Lunge             |       |       |    15 |    79 |   135 |    91 |   157 ||   477
       Whirlwind         |       |       |     6 |    22 |    75 |   133 |   164 ||   400
       Serpent's Lash    |       |       |       |       |       |     1 |     3 ||     4
       Heavenly Storm    |       |       |       |       |       |     1 |     2 ||     3
 Abil: Wall Jump         |       |       |       |     1 |     9 |    11 |    14 ||    35
       Evoke Flight      |       |       |       |       |       |     3 |       ||     3
Evoke: Wand              |       |       |       |     2 |     1 |       |     3 ||     6
  Use: Scroll            |     2 |     3 |     6 |     3 |    24 |     4 |    10 ||    52
       Potion            |       |       |     2 |     4 |     1 |     3 |     8 ||    18
 Stab: Sleeping          |     1 |       |       |       |       |       |       ||     1
       Invisible         |       |       |       |       |       |     2 |       ||     2
       Confused          |       |       |       |       |       |     1 |       ||     1
  Eat: Chunk             |    14 |    18 |    31 |    70 |   122 |   111 |   106 ||   472
       Ration            |       |       |       |     1 |       |       |       ||     1
Armor: Robe              |    41 |    49 |    52 |   259 |   200 |       |       ||   601
       Skin              |       |       |    20 |    23 |       |    15 |       ||    58
       Acid dragon scale |       |       |       |       |   126 |       |       ||   126
       Ice dragon scales |       |       |       |       |   226 |   782 |   811 ||  1819
Dodge: Dodged            |    41 |    65 |    83 |   266 |   441 |   433 |   486 ||  1815

Table legend:
 A = Non-vault XP
 B = Vault XP
 C = Vault XP percentage of total XP
 D = Non-vault monster count
 E = Vault monster count
 F = Vault count percentage of total count
                 A         B        C        D         E       F
            +---------+---------+-------+---------+---------+-------
      Total |  370075 |  326690 |  46.9 |    1153 |     549 |  32.3
            +---------+---------+-------+---------+---------+-------
        D:1 |      45 |       3 |   6.2 |      24 |       2 |   7.7
        D:2 |      91 |       0 |   0.0 |      27 |       0 |   0.0
        D:3 |     278 |      35 |  11.2 |      28 |       1 |   3.4
        D:4 |     538 |       0 |   0.0 |      16 |       0 |   0.0
        D:5 |     117 |       0 |   0.0 |       2 |       0 |   0.0
        D:6 |    1064 |    1035 |  49.3 |      14 |       8 |  36.4
        D:7 |    1177 |    1486 |  55.8 |      21 |       3 |  12.5
        D:8 |    1579 |       0 |   0.0 |      19 |       0 |   0.0
        D:9 |    1005 |    1720 |  63.1 |      12 |      11 |  47.8
       D:10 |    4254 |    1514 |  26.2 |      30 |      21 |  41.2
       D:11 |   10220 |     424 |   4.0 |      59 |       1 |   1.7
       D:12 |    4862 |    3628 |  42.7 |      33 |       7 |  17.5
       D:13 |    6648 |       0 |   0.0 |      25 |       0 |   0.0
       D:14 |   11126 |    7762 |  41.1 |      40 |       8 |  16.7
       D:15 |    7028 |    6510 |  48.1 |      17 |      12 |  41.4
     Lair:1 |    6233 |     395 |   6.0 |      27 |       3 |  10.0
     Lair:2 |    6775 |    2804 |  29.3 |      24 |       7 |  22.6
     Lair:3 |    5018 |       0 |   0.0 |      20 |       0 |   0.0
     Lair:4 |    2987 |    2888 |  49.2 |      14 |       6 |  30.0
     Lair:5 |    3801 |     467 |  10.9 |      18 |       1 |   5.3
     Lair:6 |    7090 |    9772 |  58.0 |      30 |      49 |  62.0
    Swamp:1 |   14288 |    5591 |  28.1 |      37 |       8 |  17.8
    Swamp:2 |    7143 |       0 |   0.0 |      21 |       0 |   0.0
    Swamp:3 |   12039 |    4449 |  27.0 |      41 |      10 |  19.6
    Swamp:4 |   13408 |    7849 |  36.9 |      27 |      31 |  53.4
   Spider:1 |   25698 |       0 |   0.0 |      85 |       0 |   0.0
   Spider:2 |   14791 |    5458 |  27.0 |      45 |       3 |   6.2
   Spider:3 |   14022 |    2613 |  15.7 |      32 |       1 |   3.0
   Spider:4 |   15637 |   29220 |  65.1 |      40 |      58 |  59.2
      Orc:1 |    2922 |    2172 |  42.6 |      22 |       9 |  29.0
      Orc:2 |    3483 |   16859 |  82.9 |      30 |      49 |  62.0
      Elf:1 |   10656 |   12944 |  54.8 |      19 |      23 |  54.8
      Elf:2 |   17917 |   21598 |  54.7 |      27 |      26 |  49.1
      Elf:3 |   20666 |   53556 |  72.2 |      37 |      37 |  50.0
   Vaults:1 |   28371 |    8428 |  22.9 |      48 |      10 |  17.2
   Vaults:2 |   44414 |   29508 |  39.9 |      68 |      41 |  37.6
   Vaults:3 |   24869 |   29482 |  54.2 |      37 |      39 |  51.3
   Vaults:4 |   17815 |   53217 |  74.9 |      37 |      53 |  58.9
      IceCv |       0 |    3303 | 100.0 |       0 |      11 | 100.0
            +---------+---------+-------+---------+---------+-------
